PCL
LAS VEGAS STARS @ VANCOUVER VIPERS
09/04/2026
 
TOP OF THE 1ST
Las Vegas Stars batting - Pitching for Vancouver Vipers : RHP Don Barnes
Pitching: RHP Don Barnes
Batting: RHB Douglas Davis 0-0: Called Strike
0-1: Ball
1-1: Ball
2-1: Ball
3-1: Base on Balls
Batting: SHB Sloan James 0-0: TRIPLE (Flyball, 8RXD)
Douglas Davis scores
Pinch Runner at 3rd Susumu Sugiyama:
Batting: RHB Kyle Bacon 0-0: 2-RUN HOME RUN (Flyball, 8LXD), Distance : 433 ft
Batting: RHB José Zúńiga 0-0: Ball
1-0: Foul Ball, location: 2F
1-1: Foul Ball, location: 2F
1-2: Ground out U3 (Groundball, 3L)
Batting: RHB Reginaldo Jaconelli 0-0: Foul Ball, location: 2F
0-1: Swinging Strike
0-2: Ball
1-2: Ball
2-2: Ball
3-2: Ground out U3 (Groundball, 3S)
Batting: LHB Fernando De La Cruz 0-0: Ball
1-0: Foul Ball, location: 2F
1-1: Ground out U3 (Groundball, 3L)
Top of the 1st over - 3 run(s), 2 hit(s), 0 error(s), 0 left on base; Las Vegas 3 - Vancouver 0
BOTTOM OF THE 1ST
Vancouver Vipers batting - Pitching for Las Vegas Stars : RHP Ramón Pérez
Pitching: RHP Ramón Pérez
Now in CF: Susumu Sugiyama
Batting: RHB Lorenzo González 0-0: Swinging Strike
0-1: Called Strike
0-2: SINGLE (Flyball, 9LS)
Batting: RHB Miguel Palácios 0-0: Called Strike
0-1: Fly out, F9 (Flyball, 89M)
Batting: LHB Larry Howard 0-0: Hit by Pitch
Lorenzo González to second
Batting: LHB Dave Gray 0-0: Fly out, F9 (Flyball, 9S)
Batting: RHB Steve Bender 0-0: Called Strike
0-1: Swinging Strike
0-2: Ball
1-2: DOUBLE (Flyball, 8LXD)
Lorenzo González scores
Larry Howard to third
Runner from 3rd tries for Home, SAFE, no throw or cutoff
Batting: RHB Alfredo Hernández 0-0: Swinging Strike
0-1: Called Strike
0-2: Ball
1-2: Strikes out swinging
Bottom of the 1st over - 2 run(s), 2 hit(s), 0 error(s), 1 left on base; Las Vegas 3 - Vancouver 2
TOP OF THE 2ND
Las Vegas Stars batting - Pitching for Vancouver Vipers : RHP Don Barnes
Batting: RHB Brian George 0-0: Ground out 5-3 (Groundball, 5L)
Batting: RHB Ron Shelton 0-0: Called Strike
0-1: Ball
1-1: Called Strike
1-2: Strikes out swinging
Batting: RHB Ryan Campbell 0-0: Foul Ball, location: 2F
0-1: Ground out 5-3 (Groundball, 5L)
Top of the 2nd over - 0 run(s), 0 hit(s), 0 error(s), 0 left on base; Las Vegas 3 - Vancouver 2
BOTTOM OF THE 2ND
Vancouver Vipers batting - Pitching for Las Vegas Stars : RHP Ramón Pérez
Batting: LHB Mike Williams 0-0: Ball
1-0: Called Strike
1-1: Ball
2-1: Ball
3-1: Foul Ball, location: 2F
3-2: SINGLE (Line Drive, 4MD)
Batting: RHB Bill Little 0-0: Swinging Strike
0-1: Swinging Strike
0-2: Ball
1-2: Ball
2-2: Foul Ball, location: 2F
2-2: Ball
3-2: Strikes out swinging
Mike Williams steals 2nd base
Batter strikes out.
Batting: RHB Oscar Rudd 0-0: Called Strike
0-1: Foul Ball, location: 2F
0-2: Strikes out looking
Batting: RHB Lorenzo González 0-0: Called Strike
0-1: Ball
1-1: Fly out, F6 (Line Drive, 56)
Bottom of the 2nd over - 0 run(s), 1 hit(s), 0 error(s), 1 left on base; Las Vegas 3 - Vancouver 2
TOP OF THE 3RD
Las Vegas Stars batting - Pitching for Vancouver Vipers : RHP Don Barnes
Batting: RHB Douglas Davis 0-0: Ball
1-0: Ball
2-0: Fly out, F9 (Flyball, 9S)
Batting: RHB Susumu Sugiyama 0-0: Ball
1-0: Swinging Strike
1-1: Ball
2-1: SINGLE (Line Drive, 4D)
Batting: RHB Kyle Bacon 0-0: Called Strike
0-1: Swinging Strike
0-2: Strikes out looking
Batting: RHB José Zúńiga 0-0: Foul Ball, location: 2F
0-1: Foul Ball, location: 2F
0-2: Strikes out swinging
Top of the 3rd over - 0 run(s), 1 hit(s), 0 error(s), 1 left on base; Las Vegas 3 - Vancouver 2
BOTTOM OF THE 3RD
Vancouver Vipers batting - Pitching for Las Vegas Stars : RHP Ramón Pérez
Now at SS: Xin Zhang
Batting: RHB Miguel Palácios 0-0: Called Strike
0-1: Ground out 1-3 (Groundball, 15S)
Batting: LHB Larry Howard 0-0: Ball
1-0: Ball
2-0: Called Strike
2-1: Swinging Strike
2-2: Strikes out swinging
Batting: LHB Dave Gray 0-0: Called Strike
0-1: Swinging Strike
0-2: Strikes out looking
Bottom of the 3rd over - 0 run(s), 0 hit(s), 0 error(s), 0 left on base; Las Vegas 3 - Vancouver 2
TOP OF THE 4TH
Las Vegas Stars batting - Pitching for Vancouver Vipers : RHP Don Barnes
Batting: RHB Reginaldo Jaconelli 0-0: Ball
1-0: Fly out, F8 (Flyball, 8RM)
Batting: LHB Fernando De La Cruz 0-0: Ball
1-0: Swinging Strike
1-1: Ball
2-1: Ball
3-1: Foul Ball, location: 2F
3-2: Foul Ball, location: 2F
3-2: Foul Ball, location: 2F
3-2: Base on Balls
Batting: RHB Brian George 0-0: Called Strike
0-1: Ball
1-1: Foul Ball, location: 2F
1-2: Foul Ball, location: 2F
1-2: Fly out, F7 (Flyball, 7LD)
Batting: RHB Ron Shelton 0-0: Called Strike
0-1: Swinging Strike
0-2: Ground out 3-1 (Groundball, 34)
Top of the 4th over - 0 run(s), 0 hit(s), 0 error(s), 1 left on base; Las Vegas 3 - Vancouver 2
BOTTOM OF THE 4TH
Vancouver Vipers batting - Pitching for Las Vegas Stars : RHP Ramón Pérez
Batting: RHB Steve Bender 0-0: Ball
1-0: Called Strike
1-1: Foul Ball, location: 2F
1-2: Strikes out swinging
Batting: RHB Alfredo Hernández 0-0: Ball
1-0: Ball
2-0: Called Strike
2-1: Ball
3-1: Foul Ball, location: 2F
3-2: Base on Balls
Batting: LHB Mike Williams 0-0: Ball
1-0: Foul Ball, location: 2F
1-1: Foul Ball, location: 2F
1-2: Foul Ball, location: 2F
1-2: Ball
2-2: Hit by Pitch
Alfredo Hernández to second
Batting: RHB Bill Little 0-0: Ball
1-0: Grounds into double play, 4-6-3 (Groundball, 4)
Bottom of the 4th over - 0 run(s), 0 hit(s), 0 error(s), 1 left on base; Las Vegas 3 - Vancouver 2
TOP OF THE 5TH
Las Vegas Stars batting - Pitching for Vancouver Vipers : RHP Don Barnes
Batting: RHB Xin Zhang 0-0: Ball
1-0: Ball
2-0: Swinging Strike
2-1: Swinging Strike
2-2: Strikes out swinging
Batting: RHB Douglas Davis 0-0: Called Strike
0-1: SINGLE (Line Drive, 7LS)
Batting: RHB Susumu Sugiyama 0-0: Ball
1-0: SINGLE (Groundball, 34D)
Douglas Davis to second
Runner from 2nd tries for 3rd, SAFE, throw made to third
Batting: RHB Kyle Bacon 0-0: Swinging Strike
0-1: Ball
1-1: Called Strike
1-2: Ball
2-2: Strikes out swinging
Batting: RHB José Zúńiga 0-0: DOUBLE (Line Drive, 7LM)
Douglas Davis scores
Susumu Sugiyama to third
Runner from 3rd tries for Home, throw and OUT!
Top of the 5th over - 1 run(s), 3 hit(s), 0 error(s), 1 left on base; Las Vegas 4 - Vancouver 2
BOTTOM OF THE 5TH
Vancouver Vipers batting - Pitching for Las Vegas Stars : RHP Ramón Pérez
Batting: RHB Oscar Rudd 0-0: Foul Ball, location: 2F
0-1: Swinging Strike
0-2: Ball
1-2: Foul Ball, location: 2F
1-2: Ground out 5-3 (Groundball, 5S)
Batting: RHB Lorenzo González 0-0: Called Strike
0-1: Ball
1-1: Ball
2-1: Foul Ball, location: 2F
2-2: Foul Ball, location: 2F
2-2: Strikes out swinging
Batting: RHB Miguel Palácios 0-0: Called Strike
0-1: Ball
1-1: Called Strike
1-2: Strikes out swinging
Bottom of the 5th over - 0 run(s), 0 hit(s), 0 error(s), 0 left on base; Las Vegas 4 - Vancouver 2
TOP OF THE 6TH
Las Vegas Stars batting - Pitching for Vancouver Vipers : RHP Don Barnes
Batting: RHB Reginaldo Jaconelli 0-0: Ball
1-0: Called Strike
1-1: Called Strike
1-2: Ground out 1-3 (Groundball, 13S)
Batting: LHB Fernando De La Cruz 0-0: Ball
1-0: Ball
2-0: Foul Ball, location: 2F
2-1: Foul Ball, location: 2F
2-2: Fly out, F9 (Flyball, 9M)
Batting: RHB Brian George 0-0: Ground out 3-1 (Groundball, 34)
Top of the 6th over - 0 run(s), 0 hit(s), 0 error(s), 0 left on base; Las Vegas 4 - Vancouver 2
BOTTOM OF THE 6TH
Vancouver Vipers batting - Pitching for Las Vegas Stars : RHP Ramón Pérez
Batting: LHB Larry Howard 0-0: Ball
1-0: Foul Ball, location: 2F
1-1: Called Strike
1-2: Ball
2-2: DOUBLE (Line Drive, 9LS)
Pitching: RHP Luis Antonio Martínez
Batting: LHB Dave Gray 0-0: Foul Ball, location: 2F
0-1: Fly out, F6 (Popup, 6MS)
Batting: RHB Steve Bender 0-0: Ball
1-0: Ball
2-0: Called Strike
2-1: Swinging Strike
2-2: Ball
3-2: Strikes out looking
Batting: RHB Alfredo Hernández 0-0: Called Strike
0-1: Ball
1-1: Ball
2-1: SINGLE (Line Drive, 4MD)
Larry Howard to third
Runner from 3rd tries for Home, SAFE, no throw or cutoff
Batting: LHB Mike Williams 0-0: Ball
1-0: Foul Ball, location: 2F
1-1: Called Strike
1-2: Foul Ball, location: 2F
1-2: DOUBLE (Line Drive, 7LM)
Alfredo Hernández to third
Batting: RHB Bill Little 0-0: Called Strike
0-1: Swinging Strike
0-2: Foul Ball, location: 2F
0-2: 3-RUN HOME RUN (Flyball, 78XD), Distance : 425 ft
Batting: RHB Oscar Rudd 0-0: Fly out, F8 (Flyball, 8RM)
Bottom of the 6th over - 4 run(s), 4 hit(s), 0 error(s), 0 left on base; Las Vegas 4 - Vancouver 6
TOP OF THE 7TH
Las Vegas Stars batting - Pitching for Vancouver Vipers : RHP Don Barnes
Batting: RHB Ron Shelton 0-0: Ball
1-0: Swinging Strike
1-1: Ball
2-1: Foul Ball, location: 2F
2-2: Foul Ball, location: 2F
2-2: Fly out, F7 (Flyball, 7LM)
Batting: RHB Xin Zhang 0-0: Foul Ball, location: 2F
0-1: Ball
1-1: Swinging Strike
1-2: Ball
2-2: Strikes out swinging
Batting: RHB Douglas Davis 0-0: Ball
1-0: Called Strike
1-1: Foul Ball, location: 2F
1-2: Ground out 6-3 (Groundball, 6)
Top of the 7th over - 0 run(s), 0 hit(s), 0 error(s), 0 left on base; Las Vegas 4 - Vancouver 6
BOTTOM OF THE 7TH
Vancouver Vipers batting - Pitching for Las Vegas Stars : RHP Luis Antonio Martínez
Pitching: RHP José Gómes
Batting: RHB Lorenzo González 0-0: Ball
1-0: Fly out, F5 (Line Drive, 56)
Now at 3B: Javier Valenzuela
Batting: RHB Miguel Palácios 0-0: Ball
1-0: Ball
2-0: Reached on error, E5 (Groundball, 56S)
Batting: LHB Larry Howard 0-0: Ball
1-0: Ball
Miguel Palácios steals 2nd base
2-0: Intentional Walk
Pinch Hitting: LHB Tanyu Imai 0-0: Ball
Miguel Palácios steals 3rd base
Larry Howard to second
1-0: Intentional Walk
Pinch Hitting: RHB Marvin Workman 0-0: Called Strike
0-1: Ball
1-1: SINGLE (Groundball, 4MD)
Miguel Palácios scores
Larry Howard to third
Tanyu Imai to second
Runner from 3rd tries for Home, SAFE, throw made home
Batting: RHB Alfredo Hernández 0-0: Ball
1-0: Called Strike
1-1: Swinging Strike
1-2: Ball
2-2: Ball
3-2: Fly out, F7 (Flyball, 78M)
Batting: LHB Mike Williams 0-0: Ball
1-0: Ground out 4-3 (Groundball, 4MS)
Bottom of the 7th over - 2 run(s), 1 hit(s), 1 error(s), 2 left on base; Las Vegas 4 - Vancouver 8
TOP OF THE 8TH
Las Vegas Stars batting - Pitching for Vancouver Vipers : RHP Don Barnes
Pitching: RHP Augusto Herrera
Now at SS: Richard Bowman
Now in LF: Tanyu Imai
Batting: RHB Susumu Sugiyama 0-0: Ball
1-0: Foul Ball, location: 2F
1-1: Bunt for hit - play at first, batter OUT! 3-4
Batting: LHB Javier Valenzuela 0-0: Foul Ball, location: 2F
0-1: Ball
1-1: Ball
2-1: Ball
3-1: Called Strike
3-2: Strikes out swinging
Batting: RHB José Zúńiga 0-0: Ball
1-0: Ball
2-0: Ball
3-0: Base on Balls
Batting: RHB Reginaldo Jaconelli 0-0: Ball
1-0: Foul Ball, location: 2F
1-1: Ball
2-1: Called Strike
2-2: Foul Ball, location: 2F
2-2: Strikes out looking
Top of the 8th over - 0 run(s), 0 hit(s), 0 error(s), 1 left on base; Las Vegas 4 - Vancouver 8
BOTTOM OF THE 8TH
Vancouver Vipers batting - Pitching for Las Vegas Stars : RHP José Gómes
Batting: RHB Bill Little 0-0: Called Strike
0-1: Ball
1-1: Called Strike
1-2: Strikes out swinging
Batting: RHB Oscar Rudd 0-0: Fly out, F9 (Line Drive, 89M)
Batting: RHB Lorenzo González 0-0: Ball
1-0: Foul Ball, location: 2F
1-1: Fly out, F6 (Line Drive, 6)
Bottom of the 8th over - 0 run(s), 0 hit(s), 0 error(s), 0 left on base; Las Vegas 4 - Vancouver 8
TOP OF THE 9TH
Las Vegas Stars batting - Pitching for Vancouver Vipers : RHP Augusto Herrera
Batting: LHB Fernando De La Cruz 0-0: Called Strike
0-1: Ball
1-1: SOLO HOME RUN (Flyball, 9D), Distance : 382 ft
Pitching: RHP Vincent Cox
Batting: RHB Brian George 0-0: Foul Ball, location: 2F
0-1: Foul Ball, location: 2F
0-2: Ball
1-2: Ball
2-2: Ground out U3 (Groundball, 3S)
Batting: RHB Ron Shelton 0-0: Ball
1-0: Ball
2-0: Ball
3-0: Called Strike
3-1: Called Strike
3-2: Strikes out looking
Batting: RHB Xin Zhang 0-0: Ball
1-0: Swinging Strike
1-1: Swinging Strike
1-2: Foul Ball, location: 2F
1-2: Ball
2-2: Ball
3-2: Ground out 5-3 (Groundball, 56)
Top of the 9th over - 1 run(s), 1 hit(s), 0 error(s), 0 left on base; Las Vegas 5 - Vancouver 8
Monday, December 5th, 2016 - OOTP Baseball 17.12 Build 75